General information
- name: BNet
- type: Ladder team game (AT/RT)
- host: Battle.net
- saver: iggy_the_fisk
map: BloodstoneMesa
- players: 6
- length: 28:26
- speed: Fast
- version: 1.28 W3XP
- replay type:

» download(326 KB)
Players
team 1 (winner)
iggy_the_fisk (
red | 123 APM | 3493 actions | 28:26)
5 Archmage
3 Blizzard
2 Brilliance Aura
2 Mountain King
1 Storm Bolt
1 Bash
» actions
| Assign group hotkey | 559 | |
| Basic commands | 17 | |
| Build / train | 141 | |
| Enter build submenu | 76 | |
| Enter hero's abilities submenu | 7 | |
| Give item / drop item | 1 | |
| Right click | 1539 | |
| Select / deselect | 406 | |
| Select group hotkey | 445 | |
| Use ability | 302 | |
3493 total
» units
| Peasant | 25 | |
| Dragonhawk Rider | 12 | |
37 total
» upgrades
| Masonry | 3 | |
| Lumber Harvesting | 2 | |
| Magic Sentry | 1 | |
| Swords | 3 | |
| Armor | 3 | |
| Animal War Training | 1 | |
| Cloud | 1 | |
14 total
» buildings
| Altar of Kings | 1 | |
| Farm | 5 | |
| Lumber Mill | 1 | |
| Scout Tower | 160 | |
| Arcane Tower | 13 | |
| Guard Tower | 48 | |
| Arcane Vault | 1 | |
| Keep | 1 | |
| Castle | 1 | |
| Town Hall | 1 | |
| Arcane Sanctum | 1 | |
| Gryphon Aviary | 1 | |
| Blacksmith | 1 | |
| Barracks | 1 | |
236 total
» build order
00:04 Altar of Kings
00:07 Farm
00:19 Lumber Mill
00:47 Scout Tower
01:10 Scout Tower
01:18 Arcane Tower
01:23 Scout Tower
01:46 Guard Tower
01:49 Scout Tower
01:52 Scout Tower
01:56 Arcane Tower
01:56 Arcane Tower
02:36 Farm
02:37 Guard Tower
02:40 Scout Tower
02:40 Guard Tower
03:01 Arcane Vault
03:14 Scout Tower
03:14 Guard Tower
03:18 Scout Tower
03:40 Scout Tower
03:42 Scout Tower
03:43 Guard Tower
04:06 Guard Tower
04:09 Scout Tower
04:10 Guard Tower
04:46 Keep
04:48 Scout Tower
04:49 Guard Tower
05:22 Scout Tower
05:23 Scout Tower
05:24 Guard Tower
05:26 Scout Tower
05:27 Scout Tower
05:27 Guard Tower
05:49 Scout Tower
05:50 Scout Tower
05:51 Scout Tower
05:51 Scout Tower
05:53 Scout Tower
05:54 Scout Tower
06:18 Guard Tower
06:22 Arcane Tower
06:23 Guard Tower
06:26 Scout Tower
06:26 Scout Tower
06:27 Scout Tower
06:27 Scout Tower
06:28 Scout Tower
06:29 Scout Tower
06:31 Scout Tower
06:32 Scout Tower
06:37 Guard Tower
06:43 Farm
07:11 Castle
07:13 Guard Tower
07:36 Guard Tower
07:42 Guard Tower
08:27 Town Hall
08:32 Scout Tower
08:32 Scout Tower
08:33 Scout Tower
08:34 Scout Tower
08:34 Scout Tower
08:35 Scout Tower
08:36 Scout Tower
08:37 Scout Tower
08:38 Scout Tower
08:38 Scout Tower
09:22 Guard Tower
09:24 Scout Tower
09:24 Scout Tower
09:29 Arcane Tower
09:38 Guard Tower
09:39 Arcane Tower
09:40 Guard Tower
09:53 Guard Tower
10:19 Scout Tower
10:20 Scout Tower
10:21 Scout Tower
10:21 Scout Tower
10:26 Guard Tower
10:29 Scout Tower
10:30 Scout Tower
10:30 Scout Tower
10:34 Guard Tower
10:38 Guard Tower
10:38 Guard Tower
10:57 Guard Tower
11:02 Scout Tower
11:02 Scout Tower
11:05 Scout Tower
11:06 Scout Tower
11:22 Guard Tower
11:34 Scout Tower
11:35 Scout Tower
11:39 Guard Tower
11:42 Guard Tower
12:04 Guard Tower
12:07 Guard Tower
12:28 Scout Tower
12:29 Scout Tower
12:30 Scout Tower
12:30 Scout Tower
12:31 Scout Tower
12:31 Scout Tower
12:35 Arcane Tower
12:43 Arcane Sanctum
12:46 Gryphon Aviary
12:48 Blacksmith
12:52 Guard Tower
12:57 Scout Tower
12:57 Scout Tower
13:00 Scout Tower
13:00 Scout Tower
13:11 Scout Tower
13:12 Scout Tower
13:13 Scout Tower
13:15 Scout Tower
13:16 Scout Tower
13:16 Scout Tower
13:18 Scout Tower
13:19 Scout Tower
13:19 Scout Tower
13:20 Scout Tower
13:21 Scout Tower
13:22 Scout Tower
13:24 Scout Tower
13:54 Guard Tower
14:12 Scout Tower
14:13 Scout Tower
14:13 Scout Tower
14:14 Scout Tower
14:14 Scout Tower
14:16 Scout Tower
14:18 Scout Tower
14:20 Scout Tower
14:20 Scout Tower
14:21 Scout Tower
14:22 Scout Tower
14:22 Scout Tower
14:52 Arcane Tower
14:53 Guard Tower
15:56 Scout Tower
15:57 Scout Tower
16:05 Guard Tower
16:29 Farm
16:30 Farm
17:26 Guard Tower
17:27 Scout Tower
17:28 Scout Tower
17:29 Guard Tower
17:33 Scout Tower
17:33 Scout Tower
17:34 Scout Tower
17:35 Scout Tower
17:35 Scout Tower
17:37 Scout Tower
17:37 Scout Tower
17:38 Scout Tower
17:39 Scout Tower
18:36 Barracks
18:53 Guard Tower
18:55 Scout Tower
18:55 Scout Tower
18:56 Scout Tower
18:57 Scout Tower
18:57 Scout Tower
18:57 Scout Tower
19:00 Scout Tower
19:01 Scout Tower
20:19 Scout Tower
20:20 Scout Tower
20:20 Scout Tower
20:21 Scout Tower
20:22 Scout Tower
20:22 Scout Tower
20:23 Scout Tower
20:23 Scout Tower
20:27 Scout Tower
20:27 Scout Tower
20:28 Scout Tower
20:29 Scout Tower
20:29 Scout Tower
20:30 Scout Tower
20:31 Scout Tower
20:31 Scout Tower
20:33 Scout Tower
20:33 Scout Tower
20:34 Scout Tower
20:34 Scout Tower
20:35 Scout Tower
20:35 Scout Tower
20:38 Scout Tower
20:38 Scout Tower
20:40 Scout Tower
20:41 Scout Tower
20:53 Arcane Tower
20:53 Guard Tower
20:58 Arcane Tower
20:59 Guard Tower
21:08 Guard Tower
21:44 Guard Tower
21:56 Arcane Tower
24:42 Scout Tower
24:43 Scout Tower
24:44 Scout Tower
24:46 Scout Tower
24:47 Scout Tower
24:47 Scout Tower
24:48 Scout Tower
24:57 Scout Tower
24:58 Scout Tower
24:58 Scout Tower
24:59 Scout Tower
25:00 Scout Tower
25:01 Scout Tower
25:02 Scout Tower
25:03 Scout Tower
25:13 Arcane Tower
25:15 Guard Tower
25:26 Guard Tower
25:31 Scout Tower
25:32 Scout Tower
25:32 Scout Tower
25:42 Guard Tower
25:58 Guard Tower
26:22 Arcane Tower
26:23 Guard Tower
26:57 Guard Tower
27:09 Scout Tower
27:10 Scout Tower
27:10 Scout Tower
27:11 Scout Tower
27:11 Scout Tower
27:43 Guard Tower
» items
| Lesser Clarity Potion | 5 | |
| Scroll of Regeneration | 4 | |
| Moonstone | 1 | |
| Staff of Preservation | 1 | |
| Scroll of Town Portal | 3 | |
| Staff of Sanctuary | 1 | |
| Orb of Fire | 2 | |
17 total
matathekatt (
teal | 121 APM | 3451 actions | 28:24)
3 Archmage
2 Blizzard
1 Brilliance Aura
3 Paladin
2 Holy Light
1 Divine Shield
» actions
| Assign group hotkey | 54 | |
| Basic commands | 28 | |
| Build / train | 219 | |
| ESC pressed | 11 | |
| Enter build submenu | 118 | |
| Enter hero's abilities submenu | 7 | |
| Give item / drop item | 1 | |
| Right click | 1517 | |
| Select / deselect | 1073 | |
| Select group hotkey | 81 | |
| Use ability | 342 | |
3451 total
» units
» upgrades
| Masonry | 3 | |
| Lumber Harvesting | 2 | |
| Magic Sentry | 1 | |
6 total
» buildings
| Altar of Kings | 2 | |
| Farm | 4 | |
| Lumber Mill | 1 | |
| Scout Tower | 166 | |
| Guard Tower | 144 | |
| Arcane Vault | 1 | |
| Town Hall | 2 | |
| Keep | 2 | |
| Castle | 1 | |
| Arcane Tower | 2 | |
| Arcane Sanctum | 1 | |
326 total
» build order
00:17 Altar of Kings
00:19 Altar of Kings
00:41 Farm
01:15 Lumber Mill
01:22 Scout Tower
01:57 Scout Tower
02:10 Scout Tower
02:12 Scout Tower
02:18 Farm
02:20 Guard Tower
02:20 Guard Tower
02:20 Guard Tower
02:29 Guard Tower
02:29 Guard Tower
02:48 Guard Tower
02:48 Guard Tower
02:48 Guard Tower
03:07 Farm
03:29 Arcane Vault
04:56 Scout Tower
05:13 Scout Tower
05:20 Scout Tower
05:30 Scout Tower
05:31 Scout Tower
05:32 Scout Tower
05:32 Scout Tower
05:40 Guard Tower
05:40 Guard Tower
05:51 Scout Tower
05:52 Guard Tower
05:52 Guard Tower
05:54 Scout Tower
06:03 Guard Tower
06:03 Guard Tower
06:04 Guard Tower
06:04 Guard Tower
06:06 Scout Tower
06:06 Guard Tower
06:07 Guard Tower
06:07 Scout Tower
06:10 Scout Tower
06:21 Scout Tower
06:22 Scout Tower
06:23 Guard Tower
06:24 Guard Tower
06:25 Guard Tower
06:25 Guard Tower
06:27 Scout Tower
06:28 Scout Tower
06:32 Scout Tower
06:33 Scout Tower
06:35 Guard Tower
06:35 Guard Tower
06:58 Guard Tower
06:58 Guard Tower
07:02 Guard Tower
07:02 Guard Tower
07:02 Guard Tower
07:25 Guard Tower
07:25 Guard Tower
07:29 Guard Tower
07:30 Guard Tower
07:38 Town Hall
07:49 Guard Tower
07:49 Guard Tower
07:51 Scout Tower
08:04 Scout Tower
08:05 Scout Tower
08:19 Guard Tower
08:19 Guard Tower
08:20 Scout Tower
08:23 Scout Tower
08:25 Scout Tower
08:39 Scout Tower
08:40 Scout Tower
08:41 Scout Tower
08:59 Keep
08:59 Keep
09:03 Guard Tower
09:04 Guard Tower
09:06 Farm
09:17 Guard Tower
09:19 Guard Tower
09:19 Guard Tower
09:34 Guard Tower
09:34 Guard Tower
09:37 Guard Tower
09:51 Guard Tower
09:51 Guard Tower
10:04 Scout Tower
10:05 Scout Tower
10:05 Scout Tower
10:10 Guard Tower
10:10 Guard Tower
10:13 Scout Tower
10:14 Scout Tower
10:20 Scout Tower
10:21 Scout Tower
11:02 Scout Tower
11:03 Scout Tower
11:05 Scout Tower
11:41 Guard Tower
11:41 Guard Tower
11:54 Guard Tower
11:54 Guard Tower
11:56 Scout Tower
11:56 Scout Tower
11:57 Scout Tower
12:20 Scout Tower
12:24 Guard Tower
12:24 Guard Tower
12:34 Scout Tower
12:35 Scout Tower
12:36 Scout Tower
12:37 Scout Tower
12:38 Scout Tower
12:39 Scout Tower
12:40 Scout Tower
12:49 Guard Tower
12:49 Guard Tower
12:58 Guard Tower
12:58 Guard Tower
13:01 Guard Tower
13:01 Guard Tower
13:02 Guard Tower
13:02 Guard Tower
13:10 Guard Tower
13:10 Guard Tower
13:15 Guard Tower
13:15 Guard Tower
13:19 Scout Tower
13:21 Scout Tower
13:22 Scout Tower
13:25 Scout Tower
13:32 Scout Tower
13:33 Scout Tower
13:35 Guard Tower
13:36 Guard Tower
13:51 Guard Tower
13:52 Guard Tower
13:53 Scout Tower
13:53 Scout Tower
13:55 Guard Tower
13:56 Guard Tower
14:05 Scout Tower
14:06 Scout Tower
14:09 Scout Tower
14:11 Scout Tower
14:12 Guard Tower
14:12 Guard Tower
14:13 Guard Tower
14:13 Guard Tower
14:23 Scout Tower
14:24 Scout Tower
14:48 Castle
15:47 Scout Tower
15:48 Scout Tower
15:48 Scout Tower
15:49 Scout Tower
16:05 Guard Tower
16:05 Guard Tower
16:09 Scout Tower
16:09 Scout Tower
16:11 Guard Tower
16:11 Guard Tower
16:12 Scout Tower
16:13 Scout Tower
16:13 Scout Tower
16:16 Arcane Tower
16:16 Arcane Tower
16:17 Guard Tower
16:17 Guard Tower
17:01 Guard Tower
17:02 Guard Tower
17:02 Guard Tower
17:31 Scout Tower
17:31 Scout Tower
17:33 Scout Tower
17:37 Scout Tower
17:38 Scout Tower
17:46 Arcane Sanctum
18:24 Guard Tower
18:24 Guard Tower
18:43 Scout Tower
18:44 Scout Tower
18:51 Scout Tower
18:52 Scout Tower
19:03 Scout Tower
19:04 Scout Tower
19:05 Scout Tower
19:08 Scout Tower
19:09 Scout Tower
19:10 Scout Tower
19:11 Scout Tower
19:28 Guard Tower
19:28 Guard Tower
19:30 Scout Tower
19:31 Scout Tower
19:34 Guard Tower
19:56 Guard Tower
19:56 Guard Tower
20:10 Scout Tower
20:11 Scout Tower
20:12 Scout Tower
20:15 Guard Tower
20:16 Guard Tower
20:19 Guard Tower
20:19 Guard Tower
20:20 Scout Tower
20:21 Scout Tower
20:23 Scout Tower
20:25 Guard Tower
20:25 Guard Tower
20:41 Guard Tower
20:41 Guard Tower
20:52 Guard Tower
20:53 Guard Tower
20:53 Guard Tower
21:00 Guard Tower
21:00 Guard Tower
21:12 Guard Tower
21:13 Guard Tower
21:14 Scout Tower
21:14 Scout Tower
21:20 Guard Tower
21:32 Scout Tower
21:33 Scout Tower
21:33 Scout Tower
21:33 Scout Tower
21:34 Scout Tower
21:35 Scout Tower
21:36 Scout Tower
21:36 Scout Tower
21:39 Scout Tower
21:40 Scout Tower
21:41 Scout Tower
21:52 Scout Tower
21:54 Scout Tower
21:55 Scout Tower
21:55 Scout Tower
21:56 Scout Tower
21:57 Scout Tower
21:58 Scout Tower
21:58 Scout Tower
22:14 Guard Tower
22:14 Guard Tower
22:22 Guard Tower
22:23 Guard Tower
22:26 Scout Tower
22:26 Scout Tower
22:27 Scout Tower
22:27 Scout Tower
22:28 Scout Tower
22:29 Scout Tower
22:30 Scout Tower
22:30 Scout Tower
22:33 Scout Tower
22:34 Scout Tower
22:35 Scout Tower
22:35 Scout Tower
22:36 Guard Tower
22:36 Guard Tower
22:38 Guard Tower
22:38 Guard Tower
22:41 Scout Tower
22:41 Scout Tower
22:58 Guard Tower
22:59 Guard Tower
23:01 Guard Tower
23:01 Guard Tower
23:02 Scout Tower
23:03 Scout Tower
23:04 Scout Tower
23:05 Scout Tower
23:12 Guard Tower
23:12 Guard Tower
23:28 Guard Tower
23:28 Guard Tower
23:29 Scout Tower
23:32 Guard Tower
23:32 Guard Tower
23:34 Scout Tower
23:35 Scout Tower
23:35 Scout Tower
23:36 Scout Tower
23:37 Scout Tower
23:37 Scout Tower
23:38 Scout Tower
23:38 Scout Tower
23:39 Scout Tower
24:51 Guard Tower
24:51 Guard Tower
24:53 Guard Tower
24:53 Guard Tower
24:53 Guard Tower
24:55 Guard Tower
24:55 Guard Tower
25:02 Scout Tower
25:03 Scout Tower
25:04 Scout Tower
25:05 Scout Tower
25:06 Scout Tower
25:07 Scout Tower
25:08 Scout Tower
25:09 Scout Tower
25:10 Scout Tower
25:16 Guard Tower
25:16 Guard Tower
25:37 Guard Tower
25:38 Guard Tower
25:41 Scout Tower
25:41 Scout Tower
25:42 Scout Tower
26:24 Guard Tower
26:25 Guard Tower
26:54 Guard Tower
26:54 Guard Tower
27:01 Scout Tower
27:01 Scout Tower
27:02 Scout Tower
27:29 Town Hall
28:02 Guard Tower
28:02 Guard Tower
28:06 Scout Tower
28:06 Scout Tower
28:07 Scout Tower
» items
| Potion of Healing | 1 | |
| Staff of Sanctuary | 2 | |
| Scroll of Town Portal | 2 | |
5 total
welcome2wig (
pink | 105 APM | 2978 actions | 28:24)
5 Warden
2 Shadow Strike
3 Blink
» actions
| Assign group hotkey | 15 | |
| Basic commands | 20 | |
| Build / train | 82 | |
| ESC pressed | 4 | |
| Enter build submenu | 31 | |
| Enter hero's abilities submenu | 5 | |
| Give item / drop item | 1 | |
| Right click | 1936 | |
| Select / deselect | 258 | |
| Select group hotkey | 447 | |
| Use ability | 179 | |
2978 total
» units
» upgrades
| Ultravision | 1 | |
| Strength of the Wild | 3 | |
| Well Spring | 1 | |
| Reinforced Hides | 3 | |
| Nature's Blessing | 1 | |
9 total
» buildings
| Altar of Elders | 1 | |
| Moon Well | 24 | |
| Hunter's Hall | 1 | |
| Tree of Ages | 1 | |
| Tree of Eternity | 3 | |
| Ancient of Wonders | 1 | |
| Ancient of Wind | 2 | |
| Tree of Life | 2 | |
35 total
» build order
00:03 Altar of Elders
00:20 Moon Well
01:02 Moon Well
02:41 Hunter's Hall
03:52 Tree of Ages
04:17 Moon Well
04:48 Moon Well
06:13 Tree of Eternity
06:13 Tree of Eternity
06:13 Tree of Eternity
06:17 Ancient of Wonders
06:54 Ancient of Wind
07:40 Moon Well
08:19 Moon Well
08:21 Moon Well
12:40 Moon Well
12:41 Moon Well
12:48 Moon Well
12:52 Moon Well
12:53 Moon Well
14:33 Tree of Life
14:37 Ancient of Wind
15:30 Moon Well
15:31 Moon Well
15:32 Moon Well
15:33 Moon Well
18:37 Moon Well
18:38 Moon Well
20:57 Moon Well
20:58 Moon Well
22:43 Tree of Life
26:59 Moon Well
27:00 Moon Well
27:02 Moon Well
27:03 Moon Well
» items
| Orb of Venom | 1 | |
| Lesser Clarity Potion | 3 | |
| Potion of Healing | 3 | |
| Potion of Mana | 1 | |
| Scroll of Regeneration | 2 | |
| Anti-magic Potion | 1 | |
| Scroll of Town Portal | 1 | |
12 total
team 2 (loser)

»
0x00 (
blue | 97 APM | 2751 actions | 28:20)
4 Death Knight
2 Death Coil
2 Death Pact
3 Lich
2 Frost Nova
1 Dark Ritual
2 Dreadlord
1 Sleep
1 Vampiric Aura
» actions
| Assign group hotkey | 29 | |
| Basic commands | 119 | |
| Build / train | 79 | |
| ESC pressed | 4 | |
| Enter build submenu | 25 | |
| Enter hero's abilities submenu | 9 | |
| Give item / drop item | 3 | |
| Remove unit from queue | 1 | |
| Right click | 1564 | |
| Select / deselect | 413 | |
| Select group hotkey | 360 | |
| Use ability | 145 | |
2751 total
» units
| Acolyte | 19 | |
| Ghoul | 7 | |
| Crypt Fiend | 6 | |
| Obsidian Statue | 3 | |
| Frost Wyrm | 2 | |
37 total
» upgrades
| Creature Attack | 3 | |
| Burrow | 1 | |
| Unholy Armor | 1 | |
| Creature Carapace | 3 | |
| Web | 1 | |
| Destroyer Form | 1 | |
| Freezing Breath | 1 | |
11 total
» buildings
| Graveyard | 1 | |
| Crypt | 1 | |
| Altar of Darkness | 1 | |
| Ziggurat | 10 | |
| Tomb of Relics | 2 | |
| Halls of the Dead | 1 | |
| Black Citadel | 1 | |
| Slaughterhouse | 1 | |
| Sacrificial Pit | 1 | |
| Boneyard | 2 | |
| Necropolis | 1 | |
| Nerubian Tower | 1 | |
| Spirit Tower | 2 | |
25 total
» build order
00:08 Graveyard
00:12 Crypt
00:49 Altar of Darkness
01:07 Ziggurat
01:31 Tomb of Relics
02:06 Ziggurat
03:43 Halls of the Dead
04:47 Ziggurat
06:57 Black Citadel
07:00 Slaughterhouse
08:24 Ziggurat
12:47 Sacrificial Pit
13:48 Boneyard
15:59 Ziggurat
15:59 Ziggurat
17:26 Necropolis
18:30 Boneyard
19:13 Tomb of Relics
19:14 Ziggurat
19:15 Ziggurat
23:44 Nerubian Tower
23:45 Spirit Tower
25:42 Ziggurat
25:43 Ziggurat
26:43 Spirit Tower
» items
| Rod of Necromancy | 4 | |
| Dust of Appearance | 2 | |
| Potion of Mana | 1 | |
| Potion of Healing | 2 | |
| Orb of Corruption | 1 | |
10 total

»
a2o- (
purple | 75 APM | 2084 actions | 27:56)
5 Death Knight
3 Death Coil
2 Unholy Aura
4 Lich
2 Frost Nova
2 Frost Armor
2 Dark Ranger
1 Silence
1 Black Arrow
» actions
| Assign group hotkey | 12 | |
| Basic commands | 184 | |
| Build / train | 77 | |
| ESC pressed | 5 | |
| Enter build submenu | 24 | |
| Enter hero's abilities submenu | 11 | |
| Give item / drop item | 6 | |
| Remove unit from queue | 1 | |
| Right click | 1054 | |
| Select / deselect | 526 | |
| Select group hotkey | 45 | |
| Use ability | 139 | |
2084 total
» units
| Acolyte | 16 | |
| Ghoul | 4 | |
| Crypt Fiend | 4 | |
| Frost Wyrm | 13 | |
37 total
» upgrades
| Creature Attack | 3 | |
| Web | 1 | |
| Creature Carapace | 1 | |
| Freezing Breath | 1 | |
6 total
» buildings
| Crypt | 2 | |
| Altar of Darkness | 1 | |
| Ziggurat | 8 | |
| Graveyard | 1 | |
| Tomb of Relics | 1 | |
| Halls of the Dead | 1 | |
| Nerubian Tower | 1 | |
| Black Citadel | 2 | |
| Sacrificial Pit | 1 | |
| Boneyard | 2 | |
| Necropolis | 2 | |
22 total
» build order
00:19 Crypt
00:20 Crypt
00:21 Altar of Darkness
00:24 Ziggurat
00:59 Graveyard
01:28 Tomb of Relics
02:00 Ziggurat
03:18 Halls of the Dead
04:39 Nerubian Tower
05:18 Ziggurat
06:35 Black Citadel
06:36 Black Citadel
06:44 Sacrificial Pit
06:49 Ziggurat
08:57 Boneyard
08:58 Boneyard
09:47 Ziggurat
09:48 Ziggurat
10:20 Necropolis
13:02 Ziggurat
13:03 Ziggurat
22:25 Necropolis
» items
| Rod of Necromancy | 4 | |
| Dust of Appearance | 1 | |
| Orb of Corruption | 1 | |
| Scroll of Healing | 1 | |
| Scroll of Town Portal | 1 | |
| Potion of Healing | 1 | |
9 total
kussi (
orange | 73 APM | 2084 actions | 28:24)
5 Death Knight
3 Death Coil
2 Unholy Aura
4 Lich
2 Frost Nova
2 Frost Armor
» actions
| Assign group hotkey | 100 | |
| Basic commands | 15 | |
| Build / train | 72 | |
| Enter build submenu | 27 | |
| Enter hero's abilities submenu | 10 | |
| Give item / drop item | 5 | |
| Right click | 1281 | |
| Select / deselect | 325 | |
| Select group hotkey | 150 | |
| Use ability | 99 | |
2084 total
» units
| Acolyte | 12 | |
| Ghoul | 2 | |
| Crypt Fiend | 15 | |
| Meatwagon | 12 | |
| Obsidian Statue | 2 | |
43 total
» upgrades
| Creature Attack | 3 | |
| Creature Carapace | 3 | |
| Web | 1 | |
| Exhume Corpses | 1 | |
| Disease Cloud | 1 | |
9 total
» buildings
| Graveyard | 1 | |
| Crypt | 1 | |
| Ziggurat | 15 | |
| Altar of Darkness | 1 | |
| Tomb of Relics | 1 | |
| Nerubian Tower | 1 | |
| Halls of the Dead | 1 | |
| Spirit Tower | 5 | |
| Slaughterhouse | 2 | |
| Necropolis | 1 | |
| Black Citadel | 1 | |
| Sacrificial Pit | 1 | |
31 total
» build order
00:32 Graveyard
00:38 Crypt
00:51 Ziggurat
00:59 Altar of Darkness
01:15 Ziggurat
02:13 Tomb of Relics
03:55 Ziggurat
04:37 Nerubian Tower
04:38 Halls of the Dead
05:39 Spirit Tower
05:48 Ziggurat
08:07 Spirit Tower
08:18 Slaughterhouse
10:15 Slaughterhouse
12:49 Ziggurat
12:55 Ziggurat
12:57 Ziggurat
13:14 Necropolis
13:22 Spirit Tower
16:14 Black Citadel
16:20 Ziggurat
25:07 Spirit Tower
25:20 Ziggurat
25:21 Ziggurat
26:07 Ziggurat
26:16 Spirit Tower
26:48 Ziggurat
26:50 Ziggurat
26:53 Ziggurat
26:57 Sacrificial Pit
27:00 Ziggurat
» items
Chat log
(09:54 / All) a2o-: XD
(24:14 / All) kussi: hurensöhne
(28:18 / All) iggy_the_fisk: noobs